 Dungeon Crawl Stone Soup version 0.20.0-15-g7f486f2 (webtiles) character file.

104 KleinerIrrer the Poker (level 4, -4/40 HPs)
             Began as a Naga Gladiator on June 24, 2017.
             Slain by an orc warrior
             ... wielding a +0 mace
              (16 damage)
             ... on level 3 of the Dungeon.
             The game lasted 00:05:37 (1586 turns).

KleinerIrrer the Poker (Naga Gladiator)             Turns: 1586, Time: 00:05:37

Health: -4/40      AC:  5    Str: 17    XL:     4   Next: 80%
Magic:  4/4        EV: 10    Int:  9    God:
Gold:   79         SH:  0    Dex: 12    Spells: 3/3 levels left

rFire    . . .     SeeInvis +   e - +2 hand axe (chop)
rCold    . . .     Gourm    .   (no shield)
rNeg     . . .     Faith    .   b - +0 leather armour
rPois    +         Spirit   .   c - +0 helmet
rElec    .         Reflect  .   (no cloak)
rCorr    .         Harm     .   h - +0 pair of gloves (curse)
MR       .....                  (no barding)
Stlth    ++........             (no amulet)
Regen    0.2/turn               (no ring)
MPRegen  0.1/turn               (no ring)

@: very slow
A: see invisible, deformed body, poison resistance, slowness 2, slow metabolism
1, spit poison 1, AC +1
a: Spit Poison


You were on level 3 of the Dungeon.
You were not hungry.

You visited 1 branch of the dungeon, and saw 3 of its levels.

You collected 79 gold pieces.

Inventory:

Hand Weapons
 a - a +0 trident
 e - a +2 hand axe of chopping (weapon)
Missiles
 d - 4 throwing nets (quivered)
Armour
 b - a +0 leather armour (worn)
 c - a +0 helmet (worn)
 h - a cursed +0 pair of gloves (worn)
Jewellery
 m - an uncursed amulet of regeneration {unknown}
 n - an uncursed ring of protection from fire {unknown}
Scrolls
 i - 3 scrolls of identify {unknown}
 k - 3 scrolls of remove curse {unknown}
 o - a scroll of fear {unknown}
 p - a scroll of teleportation {unknown}
Potions
 g - 2 potions of curing {unknown}
 l - a potion of heal wounds {unknown}
 r - a potion of lignification {unknown}
Comestibles
 f - 2 bread rations
 j - 4 fruits
 s - a meat ration


   Skills:
 + Level 2.4 Fighting
 * Level 4.0 Polearms
 - Level 1.7 Throwing
 + Level 1.1 Armour
 + Level 3.0 Dodging
 * Level 1.6 Stealth


You had 3 spell levels left.
You didn't know any spells.

Dungeon Overview and Level Annotations

Branches:
Dungeon (3/15)

Altars:
Yredelemnul


Innate Abilities, Weirdness & Mutations

You cannot wear boots.
Your serpentine skin is tough. (AC +1)
You have supernaturally acute eyesight. (SInv)
Armour fits poorly on your strangely shaped body.
Your system is resistant to poisons. (rPois)
You cover ground very slowly.
You have a slow metabolism.
You can spit poison.


Message History

An orc warrior comes into view. It is wielding a mace.
The orc warrior shouts!
Things that are here:
a long sword; an orc corpse
Things that are here:
a short sword x2; a leather armour You hit the orc warrior.
The orc warrior is lightly wounded.
The orc warrior closely misses you.
You hit the orc warrior but do no damage.
The orc warrior is lightly wounded.
The orc warrior barely misses you.
You hit the orc warrior but do no damage.
The orc warrior is lightly wounded.
The orc warrior hits you with a mace.
* * * LOW HITPOINT WARNING * * *
You hit the orc warrior but do no damage.
The orc warrior is lightly wounded.
The orc warrior hits you with a mace!
You die...

#. #####.#######
#.........>.#
#...)...#.###..
#.#..))).......#
#####)###.##.#
#....# #....#
#.##o###..... ..
#.@...#
#.......#.#.#
#########.#.#
#######.#.#
........#.#
.........<#
###########


You could see an orc warrior.

Vanquished Creatures
  3 adders (D:2)
  An ooze (D:2)
  5 worms
  A dart slug (D:2)
  A leopard gecko (D:1)
  5 orcs (D:3)
  A giant cockroach (D:2)
  8 goblins
  3 hobgoblins
  5 kobolds
  7 bats
  6 frilled lizards (D:1)
  7 rats
53 creatures vanquished.

Notes
Turn   | Place    | Note
-------+----------+-------------------------------------------
     0 | D:1      | KleinerIrrer the Naga Gladiator began the quest for the Orb.
     0 | D:1      | Reached XP level 1. HP: 19/19 MP: 1/1
    47 | D:1      | Reached XP level 2. HP: 13/26 MP: 2/2
   502 | D:1      | Reached skill level 1 in Stealth
   512 | D:1      | Reached XP level 3. HP: 32/32 MP: 3/3
  1013 | D:2      | Reached XP level 4. HP: 31/40 MP: 4/4
  1038 | D:2      | Found a basalt altar of Yredelemnul.
  1508 | D:2      | Reached skill level 1 in Armour
  1555 | D:3      | Reached skill level 4 in Polearms
  1578 | D:3      | Noticed an orc warrior
  1586 | D:3      | Slain by an orc warrior

Skill      XL: |  1  2  3  4 |
---------------+-------------+-----
Stealth        | 1 |  1.6
Dodging        | 3 |  3.0
Armour         | 1 |  1.1
Polearms       | 4 |  4.0
Fighting       | |  2.4
Throwing       | |  1.7

Action                   |  1- 3 |  4- 6 || total
-------------------------+-------+-------++-------
Melee: Trident           |    17 |       ||    17
       Hand axe          |    60 |    53 ||   113
 Stab: Sleeping          |     1 |       ||     1
  Eat: Chunk             |       |     1 ||     1
Armor: Leather armour    |    24 |    24 ||    48
Dodge: Dodged            |    55 |    50 ||   105
